 Dungeon Crawl Stone Soup version 0.28.0-62-gf88900778d (webtiles) character file.

Game seed: 2109788051353969068

25 hikkokomori the Ducker (level 3, 28/28 HPs)
             Began as a Merfolk Gladiator on Mar 16, 2023.
             Got out of the dungeon alive.
             The game lasted 00:02:32 (850 turns).

hikkokomori the Ducker (Merfolk Gladiator)           Turns: 850, Time: 00:02:32

Health: 28/28      AC:  4    Str: 14    XL:     3   Next: 6%
Magic:  3/3        EV: 13    Int:  7    God:
Gold:   34         SH:  0    Dex: 17    Spells: 2/2 levels left

rFire   . . .      SeeInvis .   a - +0 long sword
rCold   . . .      Faith    .   (no shield)
rNeg    . . .      Spirit   .   b - +0 leather armour
rPois   .          Reflect  .   c - +0 helmet
rElec   .          Harm     .   (no cloak)
rCorr   .          Rampage  .   (no gloves)
Will    .....                   (no boots)
Stlth   +.........              (no amulet)
HPRegen 0.09/turn               (no ring)
MPRegen 0.08/turn               (no ring)

@: about to teleport, weak-willed
A: (nimble swimmer 2), mertail
a: no special abilities


You escaped.
You visited 1 branch of the dungeon, and saw 1 of its levels.

You collected 34 gold pieces.

Inventory:

Hand Weapons
 a - a +0 long sword (weapon)
Missiles
 d - 3 throwing nets (quivered)
Armour
 b - a +0 leather armour (worn)
 c - a +0 helmet (worn)
Potions
 e - a potion of heal wounds {unknown}
 f - 2 potions of mutation {unknown}
 i - a potion of flight
 l - a potion of haste {unknown}


   Skills:
 + Level 2.6 Fighting
 + Level 3.6 Long Blades
 + Level 2.4 Throwing
 + Level 4.4 Dodging


You had 2 spell levels left.
You didn't know any spells.
Your spell library was empty.

Dungeon Overview and Level Annotations

Branches:
Dungeon (1/15)

Altars:


Innate Abilities, Weirdness & Mutations

((You are very nimble when in or above water. (Stealth+, EV+, Speed+++)))
Your lower body shifts to a powerful aquatic tail in water.


Message History

You open the door.
There is an open door here.
You see here a jackal skeleton.
You see here a +0 leather armour.
Partly explored, can't reach some places.
Partly explored, can't reach some places.
Partly explored, can't reach some places.
Partly explored, can't reach some places.
No target in view!
No target in view!
No target in view!
Partly explored, can't reach some places.
Partly explored, can't reach some places.
(D) Dungeon
Where to? (Enter - D:1 @ (x,y), ? - help)
Okay, then.
You see here a +0 short sword.
You see here a +0 leather armour.
Sorry, I don't know how to traverse that place.
(D) Dungeon
Where to? (Enter - D:1 @ (x,y), ? - help)
Okay, then.
You see here a +0 leather armour.
There is a large open door here.
There is a staircase leading out of the dungeon here.
As you read the scroll labelled ZIROVV FA OBBO, it crumbles to dust.
It is a scroll of identify.
i - a potion of flight
As you read the scroll labelled LOINOA MEPP, it crumbles to dust.
Magic quickly surges around you.
It was a scroll of vulnerability.
As you read the scroll labelled JOCETU ISY, it crumbles to dust.
You assume a fearsome visage.
Nothing appears to happen.
It was a scroll of fear.
As you read the scroll labelled YQATOQ VOKEG, it crumbles to dust.
You feel strangely unstable.
It was a scroll of teleportation.
Unknown command.
You can't go down here!
Unknown command.
Are you sure you want to leave the Dungeon?
This will make you lose the game!
You have escaped!

###''###
###≈§..≈≈###
##≈≈≈≈..§§≈≈##
#≈≈§#§..§#≈≈§#
#§≈≈≈≈..≈§≈§≈##
#≈≈≈§≈≈..≈≈§§§≈#
#≈≈≈§≈#..#§§≈≈≈#
#§≈#≈§#..#≈§#≈≈#
#≈≈§§≈#>@#≈§≈§§#
#≈≈§≈≈#### §≈≈≈#
#≈§≈§ §≈≈# ##≈≈
§##


There were no monsters in sight!

Vanquished Creatures
  3 ball pythons (D:1)
  3 bats (D:1)
  3 endoplasms (D:1)
  3 giant cockroaches (D:1)
  2 hobgoblins (D:1)
  2 jackals (D:1)
  A frilled lizard (D:1)
  4 kobolds (D:1)
21 creatures vanquished.

Notes
Turn   | Place    | Note
-------+----------+-------------------------------------------
     0 | D:1      | hikkokomori the Merfolk Gladiator began the quest for the
                  | Orb.
     0 | D:1      | Reached XP level 1. HP: 16/16 MP: 1/1
    94 | D:1      | Reached XP level 2. HP: 23/23 MP: 2/2
   622 | D:1      | Reached XP level 3. HP: 28/28 MP: 3/3
   850 | D:$      | Got out of the dungeon alive.

Illustrated notes

Levels and vault maps discovered:
D:1:      lightli_molten_gateway, layout_loops_ring, minmay_fountain_box,
          minmay_pentomino_w2

Action                   || total
-------------------------++-------
Melee: Long sword        ||    55
  Use: Scroll            ||     4
Armor: Leather armour    ||    23
Dodge: Dodged            ||    43
